[ AOE2 MATCH · #506306300 ]
UnrankedAztecs vs Incas
Player's team · WIN
Rival team · LOSS
[ REPLAY ANALYSIS · EXTRACTED FROM THE RECORDED GAME ]
Feudal
9:45
Castle
19:55
Imperial
—
| APM avg | 63.7 |
| APM peak | 110 |
| eAPM avg | 24.7 |
| Villagers / military | 59 / 37 |
Focus
⚔️ 42.3% · 🌾 57.7%
Archer ×16 · Monk ×6 · Eagle Scout ×6 · Militia ×4 · Battering Ram ×3 · Mangonel ×2
Feudal
9:15
Castle
22:22
Imperial
—
| APM avg | 51.3 |
| APM peak | 86 |
| eAPM avg | 24.4 |
| Villagers / military | 53 / 2 |
Focus
⚔️ 28.1% · 🌾 71.9%
Fishing Ship ×11 · Unknown (2550) ×3 · Mangonel ×2
Match map
Initial resources + every placement click. Lines = walls · curves = elevation contours. ◆ gold · ⬟ stone · ● berries · ✦ relic · ◌ wall gap
Your base· ✓ Closed at 19:55 · 29t walls · 1 gate(s)
Thành Cổ Quảng Trị's base· ✓ Closed at 22:22 · 111t walls · fragile
Smoothed initial terrain · ◌ = detected wall gap · hover for details
Inputs per minute
— Survivalist - - Thành Cổ Quảng Trị
Build order — Survivalist
First 150 of 191 actions detected
| 0:00 | Create | Villager (Male) |
| 0:01 | Build | House |
| 0:02 | Build | House |
| 0:05 | Create | Villager (Male) |
| 0:05 | Create | Villager (Male) |
| 0:07 | Create | Villager (Male) |
| 1:16 | Create | Villager (Male) |
| 1:46 | Build | Lumber Camp |
| 2:05 | Create | Villager (Male) |
| 2:06 | Create | Villager (Male) |
| 2:06 | Create | Villager (Male) |
| 2:51 | Create | Villager (Male) |
| 2:54 | Create | Villager (Male) |
| 3:40 | Create | Villager (Male) |
| 3:49 | Build | House |
| 3:50 | Build | House |
| 4:05 | Create | Villager (Male) |
| 4:05 | Create | Villager (Male) |
| 4:39 | Create | Villager (Male) |
| 4:46 | Build | Mill |
| 4:54 | Create | Villager (Male) |
| 5:01 | Create | Villager (Male) |
| 5:01 | Create | Villager (Male) |
| 5:56 | Research | Loom |
| 6:04 | Build | Barracks |
| 6:27 | Build | House |
| 6:31 | Create | Villager (Male) |
| 7:10 | Create | Villager (Male) |
| 7:14 | Build | Palisade Gate |
| 7:15 | Build | Palisade Wall |
| 7:20 | Build | Palisade Wall |
| 7:34 | Research | Feudal Age |
| 7:53 | Build | Palisade Wall |
| 7:57 | Create | Militia |
| 7:57 | Create | Militia |
| 8:04 | Build | Mining Camp |
| 8:18 | Create | Militia |
| 9:06 | Create | Villager (Male) |
| 9:12 | Build | House |
| 9:33 | Create | Villager (Male) |
| 9:43 | Build | House |
| 9:45 | Age | Feudal Age |
| 9:47 | Research | Man-at-Arms (upgrade) |
| 9:52 | Research | Double-Bit Axe |
| 9:52 | Research | Double-Bit Axe |
| 9:53 | Create | Villager (Male) |
| 10:20 | Create | Villager (Male) |
| 10:31 | Create | Villager (Male) |
| 10:33 | Create | Villager (Male) |
| 10:38 | Create | Villager (Male) |
| 10:59 | Build | Farm |
| 11:01 | Build | Farm |
| 11:01 | Build | Farm |
| 11:05 | Build | Farm |
| 11:06 | Build | Farm |
| 11:12 | Create | Villager (Male) |
| 11:34 | Build | Palisade Wall |
| 11:43 | Create | Militia |
| 11:47 | Create | Eagle Scout |
| 11:59 | Build | Barracks |
| 12:19 | Build | Palisade Wall |
| 12:27 | Build | Palisade Wall |
| 12:27 | Build | Palisade Wall |
| 12:28 | Build | Palisade Wall |
| 12:31 | Build | House |
| 12:32 | Build | Palisade Wall |
| 12:34 | Create | Eagle Scout |
| 12:38 | Create | Villager (Male) |
| 12:41 | Build | Palisade Gate |
| 12:45 | Build | Palisade Wall |
| 12:49 | Build | House |
| 12:55 | Create | Eagle Scout |
| 12:57 | Create | Villager (Male) |
| 13:01 | Build | Farm |
| 13:12 | Create | Villager (Male) |
| 13:15 | Create | Eagle Scout |
| 13:29 | Create | Eagle Scout |
| 13:32 | Build | Farm |
| 13:45 | Create | Eagle Scout |
| 13:46 | Create | Villager (Male) |
| 13:54 | Build | Farm |
| 13:57 | Build | Farm |
| 13:57 | Create | Villager (Male) |
| 14:24 | Create | Villager (Male) |
| 14:44 | Build | Farm |
| 14:46 | Build | Farm |
| 15:09 | Create | Villager (Male) |
| 15:14 | Build | Archery Range |
| 15:30 | Create | Villager (Male) |
| 15:50 | Build | Archery Range |
| 15:57 | Create | Villager (Male) |
| 16:00 | Build | House |
| 16:22 | Create | Villager (Male) |
| 16:31 | Build | Blacksmith |
| 16:36 | Create | Villager (Male) |
| 16:38 | Create | Archer |
| 16:39 | Create | Archer |
| 17:05 | Research | Castle Age |
| 17:05 | Research | Castle Age |
| 17:07 | Create | Archer |
| 17:07 | Create | Archer |
| 17:22 | Research | Horse Collar |
| 17:30 | Build | House |
| 17:32 | Build | House |
| 17:38 | Create | Archer |
| 17:39 | Create | Archer |
| 17:47 | Research | Fletching |
| 18:00 | Create | Archer |
| 18:01 | Create | Archer |
| 18:10 | Create | Villager (Male) |
| 18:17 | Create | Archer |
| 18:18 | Create | Archer |
| 18:41 | Create | Archer |
| 18:42 | Create | Archer |
| 18:49 | Research | Gold Mining |
| 18:49 | Research | Gold Mining |
| 19:30 | Build | House |
| 19:55 | Age | Castle Age |
| 20:01 | Build | Siege Workshop |
| 20:01 | Research | Bow Saw |
| 20:04 | Create | Villager (Male) |
| 20:10 | Build | Monastery |
| 20:12 | Research | Crossbowman (upgrade) |
| 20:24 | Build | Farm |
| 20:29 | Research | Bodkin Arrow |
| 20:51 | Create | Battering Ram |
| 20:52 | Create | Villager (Male) |
| 21:03 | Create | Monk |
| 21:06 | Build | House |
| 21:10 | Build | Outpost |
| 21:11 | Create | Villager (Male) |
| 21:20 | Create | Battering Ram |
| 21:33 | Create | Villager (Male) |
| 21:49 | Build | Outpost |
| 21:50 | Create | Villager (Male) |
| 21:54 | Build | House |
| 21:55 | Create | Mangonel |
| 21:56 | Create | Monk |
| 22:03 | Create | Villager (Male) |
| 22:29 | Create | Villager (Male) |
| 22:47 | Create | Villager (Male) |
| 23:00 | Create | Battering Ram |
| 23:03 | Research | Sanctity |
| 23:11 | Create | Villager (Male) |
| 23:46 | Create | Villager (Male) |
| 24:04 | Create | Villager (Male) |
| 24:18 | Create | Monk |
| 24:19 | Build | Farm |
| 24:19 | Build | Farm |
| 24:22 | Build | Town Center |
Build order — Thành Cổ Quảng Trị
146 actions detected in the replay
| 0:00 | Create | Villager (Male) |
| 0:01 | Build | House |
| 0:02 | Build | House |
| 0:05 | Create | Villager (Male) |
| 0:05 | Create | Villager (Male) |
| 0:05 | Create | Villager (Male) |
| 1:23 | Create | Villager (Male) |
| 1:23 | Create | Villager (Male) |
| 1:54 | Build | Settlement |
| 2:01 | Create | Villager (Male) |
| 2:12 | Create | Villager (Male) |
| 2:12 | Create | Villager (Male) |
| 2:43 | Create | Villager (Male) |
| 2:43 | Create | Villager (Male) |
| 2:57 | Create | Villager (Male) |
| 3:34 | Create | Villager (Male) |
| 4:09 | Create | Villager (Male) |
| 4:09 | Create | Villager (Male) |
| 4:11 | Create | Villager (Male) |
| 4:45 | Create | Villager (Male) |
| 4:45 | Create | Villager (Male) |
| 4:49 | Create | Villager (Male) |
| 4:49 | Create | Villager (Male) |
| 5:22 | Build | Dock |
| 5:35 | Create | Villager (Male) |
| 6:06 | Create | Villager (Male) |
| 6:11 | Create | Villager (Male) |
| 6:11 | Create | Villager (Male) |
| 6:11 | Create | Villager (Male) |
| 6:37 | Research | Loom |
| 6:49 | Create | Fishing Ship |
| 6:55 | Research | Feudal Age |
| 7:24 | Build | Palisade Wall |
| 7:31 | Create | Fishing Ship |
| 7:41 | Create | Villager (Male) |
| 8:01 | Build | Palisade Wall |
| 8:23 | Build | Barracks |
| 8:38 | Build | Palisade Wall |
| 8:47 | Build | Palisade Wall |
| 8:49 | Build | Palisade Wall |
| 9:03 | Build | Palisade Wall |
| 9:15 | Age | Feudal Age |
| 9:20 | Build | Settlement |
| 9:24 | Create | Villager (Male) |
| 9:27 | Create | Unit 2550 |
| 9:27 | Create | Unit 2550 |
| 9:39 | Research | Double-Bit Axe |
| 9:50 | Create | Villager (Male) |
| 9:56 | Build | Palisade Wall |
| 9:59 | Create | Villager (Male) |
| 10:24 | Build | Palisade Wall |
| 10:32 | Create | Villager (Male) |
| 10:33 | Create | Fishing Ship |
| 10:44 | Create | Villager (Male) |
| 10:51 | Create | Villager (Male) |
| 11:08 | Create | Fishing Ship |
| 11:10 | Create | Villager (Male) |
| 11:17 | Build | Palisade Wall |
| 11:18 | Build | Palisade Wall |
| 11:19 | Build | Palisade Wall |
| 11:23 | Build | Palisade Wall |
| 11:56 | Build | Fish Trap |
| 12:17 | Create | Villager (Male) |
| 12:31 | Build | Fish Trap |
| 12:40 | Create | Villager (Male) |
| 12:49 | Create | Fishing Ship |
| 13:05 | Create | Villager (Male) |
| 13:17 | Build | Settlement |
| 13:34 | Build | Fish Trap |
| 13:36 | Create | Fishing Ship |
| 13:40 | Create | Villager (Male) |
| 13:55 | Create | Villager (Male) |
| 14:16 | Build | Fish Trap |
| 14:27 | Create | Villager (Male) |
| 14:35 | Build | Fish Trap |
| 14:39 | Build | Fish Trap |
| 14:40 | Create | Fishing Ship |
| 14:42 | Create | Villager (Male) |
| 14:52 | Create | Unit 2550 |
| 14:54 | Create | Villager (Male) |
| 15:14 | Build | Farm |
| 15:14 | Build | Farm |
| 15:21 | Create | Fishing Ship |
| 15:41 | Build | Watch Tower |
| 15:44 | Create | Villager (Male) |
| 15:54 | Build | Stone Wall |
| 15:57 | Create | Fishing Ship |
| 15:58 | Create | Villager (Male) |
| 16:05 | Build | Settlement |
| 16:24 | Build | Fish Trap |
| 16:33 | Create | Villager (Male) |
| 16:36 | Build | Stone Wall |
| 16:37 | Build | Stone Wall |
| 16:49 | Build | Fish Trap |
| 17:02 | Research | Tech 906 |
| 17:02 | Research | Tech 906 |
| 17:04 | Create | Villager (Male) |
| 17:15 | Build | Stone Wall |
| 17:16 | Create | Villager (Male) |
| 17:20 | Build | Stone Wall |
| 17:27 | Build | Fish Trap |
| 17:41 | Create | Villager (Male) |
| 17:53 | Build | Stone Wall |
| 17:54 | Build | Stone Wall |
| 17:54 | Build | Stone Wall |
| 18:03 | Build | Stone Wall |
| 18:11 | Create | Villager (Male) |
| 18:14 | Build | Blacksmith |
| 18:20 | Build | Market |
| 18:38 | Create | Villager (Male) |
| 18:51 | Build | Stone Wall |
| 18:56 | Build | Stone Wall |
| 18:57 | Build | Stone Wall |
| 18:58 | Build | Stone Wall |
| 18:59 | Build | Stone Wall |
| 19:05 | Build | Blacksmith |
| 19:17 | Create | Villager (Male) |
| 19:25 | Build | Watch Tower |
| 19:35 | Research | Castle Age |
| 20:00 | Create | Fishing Ship |
| 20:05 | Build | Stone Wall |
| 20:23 | Research | Gold Mining |
| 21:00 | Build | Fish Trap |
| 21:01 | Create | Fishing Ship |
| 21:11 | Create | Villager (Male) |
| 21:17 | Build | Stone Wall |
| 21:22 | Build | Stone Wall |
| 21:22 | Build | Stone Wall |
| 21:56 | Research | Stone Mining |
| 22:22 | Age | Castle Age |
| 22:27 | Build | Siege Workshop |
| 22:50 | Create | Mangonel |
| 22:55 | Build | Watch Tower |
| 22:57 | Build | Watch Tower |
| 22:59 | Build | Watch Tower |
| 23:11 | Build | Gate |
| 23:12 | Create | Villager (Male) |
| 23:16 | Build | House |
| 23:18 | Build | Stone Wall |
| 23:21 | Create | Villager (Male) |
| 23:23 | Research | Fletching |
| 23:23 | Research | Fletching |
| 24:16 | Build | Siege Workshop |
| 24:27 | Build | Barracks |
| 24:35 | Create | Mangonel |
| 26:30 | Build | Stone Wall |
Match timeline
| 5:22 | Thành Cổ Quảng Trị · first_building Dock |
| 6:04 | Survivalist · first_building Barracks |
| 7:15 | Survivalist · wall_segment Palisade Wall x3 |
| 7:20 | Survivalist · wall_segment Palisade Wall x5 |
| 7:24 | Thành Cổ Quảng Trị · wall_segment Palisade Wall x5 |
| 7:53 | Survivalist · wall_segment Palisade Wall x7 |
| 8:01 | Thành Cổ Quảng Trị · wall_segment Palisade Wall x1 |
| 8:23 | Thành Cổ Quảng Trị · first_building Barracks |
| 8:38 | Thành Cổ Quảng Trị · wall_segment Palisade Wall x8 |
| 8:47 | Thành Cổ Quảng Trị · wall_segment Palisade Wall x3 |
| 8:49 | Thành Cổ Quảng Trị · wall_segment Palisade Wall x13 |
| 9:03 | Thành Cổ Quảng Trị · wall_segment Palisade Wall x10 |
| 9:15 | Thành Cổ Quảng Trị · age_up feudal |
| 9:45 | Survivalist · age_up feudal |
| 9:56 | Thành Cổ Quảng Trị · wall_segment Palisade Wall x10 |
| 10:24 | Thành Cổ Quảng Trị · wall_segment Palisade Wall x1 |
| 11:17 | Thành Cổ Quảng Trị · wall_segment Palisade Wall x1 |
| 11:18 | Thành Cổ Quảng Trị · wall_segment Palisade Wall x1 |
| 11:19 | Thành Cổ Quảng Trị · wall_segment Palisade Wall x1 |
| 11:23 | Thành Cổ Quảng Trị · wall_segment Palisade Wall x1 |
| 11:34 | Survivalist · wall_segment Palisade Wall x6 |
| 12:19 | Survivalist · wall_segment Palisade Wall x6 |
| 12:27 | Survivalist · wall_segment Palisade Wall x1 |
| 12:27 | Survivalist · wall_segment Palisade Wall x1 |
| 12:28 | Survivalist · wall_segment Palisade Wall x1 |
| 12:32 | Survivalist · wall_segment Palisade Wall x1 |
| 12:45 | Survivalist · wall_segment Palisade Wall x1 |
| 15:14 | Survivalist · first_building Archery Range |
| 15:54 | Thành Cổ Quảng Trị · wall_segment Stone Wall x1 |
| 16:36 | Thành Cổ Quảng Trị · wall_segment Stone Wall x7 |
| 16:37 | Thành Cổ Quảng Trị · wall_segment Stone Wall x4 |
| 17:15 | Thành Cổ Quảng Trị · wall_segment Stone Wall x11 |
| 17:20 | Thành Cổ Quảng Trị · wall_segment Stone Wall x8 |
| 17:53 | Thành Cổ Quảng Trị · wall_segment Stone Wall x4 |
| 17:54 | Thành Cổ Quảng Trị · wall_segment Stone Wall x1 |
| 17:54 | Thành Cổ Quảng Trị · wall_segment Stone Wall x1 |
| 18:03 | Thành Cổ Quảng Trị · wall_segment Stone Wall x5 |
| 18:51 | Thành Cổ Quảng Trị · wall_segment Stone Wall x5 |
| 18:56 | Thành Cổ Quảng Trị · wall_segment Stone Wall x1 |
| 18:57 | Thành Cổ Quảng Trị · wall_segment Stone Wall x1 |
| 18:58 | Thành Cổ Quảng Trị · wall_segment Stone Wall x4 |
| 18:59 | Thành Cổ Quảng Trị · wall_segment Stone Wall x3 |
| 19:22 | Thành Cổ Quảng Trị · first_market_buy 100 stone |
| 19:55 | Survivalist · age_up castle |
| 20:01 | Survivalist · first_building Siege Workshop |
| 20:05 | Thành Cổ Quảng Trị · wall_segment Stone Wall x1 |
| 20:10 | Survivalist · first_building Monastery |
| 21:17 | Thành Cổ Quảng Trị · wall_segment Stone Wall x9 |
| 21:22 | Thành Cổ Quảng Trị · wall_segment Stone Wall x5 |
| 21:22 | Thành Cổ Quảng Trị · wall_segment Stone Wall x1 |
| 22:22 | Thành Cổ Quảng Trị · age_up castle |
| 22:27 | Thành Cổ Quảng Trị · first_building Siege Workshop |
| 23:18 | Thành Cổ Quảng Trị · wall_segment Stone Wall x1 |
| 25:29 | Survivalist · first_market_buy 100 stone |
| 26:30 | Thành Cổ Quảng Trị · wall_segment Stone Wall x1 |
| 27:35 | Thành Cổ Quảng Trị · resign |
[ AI ANALYSIS · 1 CREDIT ]
What really happened in this match?
Wolo.gg analyzes every decision: build order, eco, micro, common mistakes by bracket. Personalized analysis on WhatsApp or Discord in 30 seconds.
Civ guide
Aztecs
Perfil
Survivalist